 Dungeon Crawl Stone Soup version 0.23.0-28-g6fe0f4dc8b (webtiles) character file.

Game seed: 3828124083344797180

62 HolyGrifer the Chopper (level 3, 0/34 HPs)
             Began as a Deep Dwarf Monk on Feb 25, 2019.
             Slain by a gnoll
             ... wielding a +0 spear
              (4 damage)
             ... on level 2 of the Dungeon.
             The game lasted 00:04:50 (1216 turns).

HolyGrifer the Chopper (Deep Dwarf Monk)            Turns: 1216, Time: 00:04:51

Health: 0/34       AC:  2    Str: 15    XL:     3   Next: 85%
Magic:  3/3        EV: 11    Int: 10    God:
Gold:   111        SH:  7    Dex: 15    Spells: 2/2 levels left

rFire    + . .     SeeInvis .   a - +0 hand axe
rCold    x . .     Gourm    .   f - +0 shield
rNeg     . . .     Faith    .   b - +0 robe
rPois    .         Spirit   .   (no helmet)
rElec    .         Reflect  .   (no cloak)
rCorr    .         Harm     .   (no gloves)
MR       .....                  (no boots)
Stlth    ++........             (no amulet)
HPRegen  0.00/turn              l - ring of fire
MPRegen  0.08/turn              (no ring)

@: non-regenerating
A: damage resistance, heal wounds, sense surroundings 1, no regeneration
a: Heal Wounds


You were on level 2 of the Dungeon.
You were not hungry.

You visited 1 branch of the dungeon, and saw 2 of its levels.

You collected 111 gold pieces.

Inventory:

Hand Weapons
 a - a +0 hand axe (weapon)
Armour
 b - a +0 robe (worn)
 f - a +0 shield (worn)
Jewellery
 l - a ring of fire (left hand)
 m - an uncursed ring of protection from cold {unknown}
 n - an uncursed ring of positive energy {unknown}
Scrolls
 g - 4 scrolls of teleportation {unknown}
 i - 2 scrolls of remove curse {unknown}
 k - a scroll of noise {unknown}
 q - a scroll of identify {unknown}
Potions
 c - a potion of lignification {unknown}
 d - 2 potions of flight {unknown}
 e - a potion of berserk rage {unknown}
 h - 2 potions of heal wounds {unknown}
 j - a potion of might {unknown}
 o - a potion of curing {unknown}
 p - a potion of resistance {unknown}


   Skills:
 + Level 3.0 Fighting
 + Level 4.2 Axes
 + Level 3.9 Dodging
 + Level 2.9 Stealth
 + Level 0.5 Shields


You had 2 spell levels left.
You didn't know any spells.
Your spell library was empty.

Dungeon Overview and Level Annotations

Branches:
Dungeon (2/15)

Altars:


Innate Abilities, Weirdness & Mutations

You are resistant to damage.
You can heal yourself by infusing magical energy.
You passively map a small area around you.
You do not regenerate.


Message History

The gnoll is heavily wounded.
The gnoll hits you!
The gnoll hits you from afar with a +0 spear.
You hit the gnoll but do no damage.
The gnoll is heavily wounded.
The gnoll hits you. The gnoll barely misses you. You block the gnoll's attack.
You closely miss the gnoll.
The gnoll is heavily wounded.
You block the gnoll's attack. The gnoll barely misses you. x2
You hit the gnoll.
The gnoll is heavily wounded.
The gnoll hits you.
* * * LOW HITPOINT WARNING * * *
The gnoll hits you from afar with a +0 spear.
* * * LOW HITPOINT WARNING * * *
You barely miss the gnoll.
The gnoll is heavily wounded.
You block the gnoll's attack.
The gnoll hits you from afar with a +0 spear.
You die...

* * #....##..<# *
###.##.#.##..## * ,
..#.####.##..## ,
,,#.............( ,
,.........))..## , *
##..####.....# *, # #.#
#..#### #.##/######.##
#..#####
#...ggg@.....####..##...
####g####<......#..>....
# #....##.##.##.## *
#.#### ......# ,
#.########.##### *
#...............
#...........>...#####
#################


You could see 4 gnolls.

Vanquished Creatures
  An adder (D:2)
  An ooze (D:1)
  A dart slug (D:1)
  A leopard gecko (D:1)
  8 bats
  A giant cockroach (D:2)
  4 goblins (D:1)
  3 hobgoblins (D:1)
  8 jackals (D:1)
  A ball python (D:1)
  4 frilled lizards
  7 kobolds
  5 rats
45 creatures vanquished.

Notes
Turn   | Place    | Note
-------+----------+-------------------------------------------
     0 | D:1      | HolyGrifer the Deep Dwarf Monk began the quest for the Orb.
     0 | D:1      | Reached XP level 1. HP: 20/20 MP: 1/1
    85 | D:1      | Reached XP level 2. HP: 16/27 MP: 2/2
   293 | D:1      | Reached skill level 4 in Axes
   423 | D:1      | Reached XP level 3. HP: 11/33 MP: 3/3
  1216 | D:2      | Slain by a gnoll

Skill      XL: |  1  2  3 |
---------------+----------+-----
Axes           | 4 |  4.2
Fighting       | 3 |  3.0
Dodging        | |  3.9
Stealth        | |  2.9
Shields        | |  0.5

Action                   || total
-------------------------++-------
Melee: Hand axe          ||   164
 Abil: Heal Wounds       ||     1
 Stab: Sleeping          ||     4
  Eat: Ration            ||     1
Armor: Robe              ||    55
Dodge: Dodged            ||   140
Block: Shield            ||    72
